 Seeded DCSS version 0.29.1-12-g30fa7ad0bf (webtiles) character file.

Game seed: 3278922145315795849 (custom seed)

186187 retardedninja the Severer (level 17, -8/149 HPs)
             Began as a Palentonga Fighter on Jan 5, 2023.
             Was an Initiate of Gozag.
             Mangled by a naga mage
             ... wielding a +0 halberd
              (12 damage)
             ... on level 2 of the Snake Pit on Jan 6, 2023.
             The game lasted 01:04:47 (34265 turns).

retardedninja the Severer (Palentonga Fighter)     Turns: 34265, Time: 01:04:48

Health: -8/149     AC: 48    Str: 35    XL:     17   Next: 42%
Magic:  10/17      EV:  1    Int: 13    God:    Gozag
Gold:   3353       SH: 13    Dex:  9    Spells: 16/16 levels left

rFire   . . .      SeeInvis +   d - +6 broad axe (flame)
rCold   . . .      Faith    .   X - +1 kite shield {rN+}
rNeg    + . .      Spirit   .   Z - +9 plate armour of Boiling Hail {Will+}
rPois   .          Reflect  .   G - +2 hat {Stlth+}
rElec   .          Harm     .   F - +1 cloak of Pandemonium {Int+3 Stlth+}
rCorr   .          Rampage  .   W - +1 pair of gloves {infuse}
Will    ++...                   n - +4 barding
Stlth   ..........              g - amulet of regeneration
HPRegen 1.14/turn               u - +6 ring of strength
MPRegen 0.15/turn               Y - +4 ring of slaying

@: lethally poisoned (-8 -> -14), gold aura, slowed, constricted, curled up,
very slow
A: large, rugged brown scales 3, see invisible, deformed body, roll 1, armoured
tail, reflexive curl
}: 1/15 runes: decaying
a: Rolling Charge, Renounce Religion, Potion Petition, Call Merchant, Bribe
Branch


You were on level 2 of the Snake Pit.
You worshipped Gozag.
Gozag was most pleased with you.
You visited 6 branches of the dungeon, and saw 29 of its levels.
You also visited: Bailey and Ice Cave.

You collected 10529 gold pieces.
You spent 3118 gold pieces at shops.
You paid 4058 gold pieces to Gozag.

Inventory:

Hand Weapons
 d - a +6 broad axe of flaming (weapon)
 O - the +7 great mace "Undeadhunter" {disrupt, rN+}
   (You found it on level 5 of the Lair of Beasts)

   It inflicts significantly more damage against the undead.
   rN:        It protects you from negative energy.
Missiles
 p - 3 javelins
 Q - 2 throwing nets
Armour
 n - a +4 barding (worn)
 F - the +1 cloak of Pandemonium (worn) {Int+3 Stlth+}
   (You bought it in a shop on level 11 of the Dungeon)

   Int:       It affects your intelligence (+3).
   Stlth:     It makes you more stealthy.
 G - a +2 hat of stealth (worn)
 W - a +1 pair of gloves of infusion (worn)
 X - a +1 kite shield of positive energy (worn)
 Z - the +9 plate armour of Boiling Hail (worn) {Will+}
   (You bought it in a shop on level 3 of the Lair of Beasts)

   Will:      It increases your willpower.
Jewellery
 g - an amulet of regeneration (around neck)
 u - a +6 ring of strength (left hand)
 Y - a +4 ring of slaying (right hand)
Wands
 l - a wand of digging (7)
 w - a wand of paralysis (31)
 y - a wand of light (10)
 B - a wand of flame (17) (quivered)
 H - a wand of iceblast (13)
 I - a wand of mindburst (4)
 U - a wand of polymorph (8)
Scrolls
 i - 4 scrolls of amnesia
 j - 2 scrolls of torment
 s - 11 scrolls of teleportation
 A - 3 scrolls of vulnerability
 M - 2 scrolls of silence
 N - a scroll of fear
 R - a scroll of magic mapping
 T - a scroll of butterflies
Potions
 e - a potion of might
 f - 5 potions of flight
 h - 9 potions of curing
 k - 7 potions of lignification
 m - 2 potions of ambrosia
 o - 3 potions of cancellation
 q - 10 potions of mutation
 r - 4 potions of brilliance
 v - 5 potions of magic
 D - a potion of berserk rage
 E - a potion of haste
 J - 3 potions of attraction
Miscellaneous
 a - a phial of floods
 x - a lightning rod (4/4)
 L - a condenser vane
 P - a tin of tremorstones (2/2)


   Skills:
 + Level 14.7 Fighting
 + Level 19.1(19.5) Axes
 - Level 6.4(14.0) Maces & Flails
 + Level 14.3 Armour
 + Level 13.6 Shields
 + Level 5.4 Evocations


You had 16 spell levels left.
You didn't know any spells.
Your spell library contained the following spells:

 Spells                   Type           Power      Damage    Failure   Level
 Apportation              Tloc           0%         N/A       92%         1
 Beastly Appendage        Tmut           0%         N/A       92%         1
 Freeze                   Ice            0%         1d3       92%         1
 Magic Dart               Conj           0%         1d3       92%         1
 Necrotise                Necr           0%         1d4       92%         1
 Sting                    Tmut/Pois      0%         1d3       92%         1
 Summon Small Mammal      Summ           0%         N/A       92%         1
 Call Imp                 Summ           0%         N/A       98%         2
 Passwall                 Tmut/Erth      0%         N/A       98%         2
 Poisonous Vapours        Pois/Air       0%         N/A       98%         2
 Scorch                   Fire           0%         2d5       98%         2
 Searing Ray              Conj           0%         2d4       98%         2
 Call Canine Familiar     Summ           0%         N/A       100%        3
 Frozen Ramparts          Ice            0%         1d1       100%        3
 Ignite Poison            Fire/Tmut/Pois 0%         N/A       100%        3
 Inner Flame              Hex/Fire       0%         N/A       100%        3
 Mephitic Cloud           Conj/Pois/Air  0%         N/A       100%        3
 Summon Guardian Golem    Hex/Summ       0%         N/A       100%        3
 Vampiric Draining        Necr           0%         2d6       100%        3
 Animate Armour           Summ/Erth      0%         N/A       100%        4
 Cause Fear               Hex            0%         N/A       100%        4
 Flame Wave               Conj/Fire      0%         2d4       100%        4
 Fulminant Prism          Conj/Hex       0%         3d6       100%        4
 Hailstorm                Conj/Ice       0%         3d3       100%        4
 Leda's Liquefaction      Hex/Erth       0%         N/A       100%        4
 Olgreb's Toxic Radiance  Pois           0%         N/A       100%        4
 Passage of Golubria      Tloc           0%         N/A       100%        4
 Petrify                  Tmut/Erth      0%         N/A       100%        4
 Blade Hands              Tmut           0%         N/A       100%        5
 Lee's Rapid Deconstruct  Erth           0%         3d5*      100%        5
 Silence                  Hex/Air        0%         N/A       100%        5
 Summon Mana Viper        Hex/Summ       0%         N/A       100%        5
 Conjure Ball Lightning   Conj/Air       0%         3x3d6     100%        6
 Death Channel            Necr           0%         N/A       100%        6
 Dispersal                Tloc           0%         N/A       100%        6
 Eringya's Noxious Bog    Tmut/Pois      0%         N/A       100%        6
 Iron Shot                Conj/Erth      0%         9d1       100%        6
 Statue Form              Tmut/Erth      0%         N/A       100%        6
 Summon Cactus Giant      Summ           0%         N/A       100%        6
 Discord                  Hex            0%         N/A       100%        8
 Lehudib's Crystal Spear  Conj/Erth      0%         10d2      100%        8
 Animate Dead             Necr           Unusable   N/A       N/A         4

Dungeon Overview and Level Annotations

Branches:
Dungeon (15/15)            Temple (1/1) D:4            Lair (5/5) D:8
  Swamp (4/4) Lair:3        Snake (2/4) Lair:3        Slime (0/5) Lair:5
    Orc (2/2) D:11            Elf (0/3) Orc:2        Vaults (0/5) D:13
 Depths (0/4) D:15         Bailey (visited)           IceCv (visited)

Altars:
Ashenzari
Cheibriados
Dithmenos
Elyvilon
Fedhas
Gozag
Hepliaklqana
Kikubaaqudgha
Makhleb
Nemelex Xobeh
Okawaru
Qazlal
Ru
Sif Muna
Trog
Uskayaw
Vehumet
Wu Jian
Xom
Yredelemnul
Zin
The Shining One
Jiyva

Shops:
D:11 [*   Orc:2 =!((   Lair:3 [

Annotations:
D:4 2 transporters
D:13 3 runed translucent doors


Innate Abilities, Weirdness & Mutations

You are completely covered in rugged brown scales. (AC +3, +7% HP)
You have supernaturally acute eyesight. (SInv)
Armour fits poorly on your strangely shaped body.
You can roll at nearby foes to attack.
You have a long armoured tail.
You curl defensively after being hit. (AC +7*)


Message History

You block the naga's attack. The naga grabs you.
You stop ascending the stairs.
The naga constricts you. The naga hits you with a +0 scimitar!
The naga warrior hits you with a +0 halberd!
* * * LOW HITPOINT WARNING * * *
You block the naga mage's attack.
The guardian serpent hits you but does no damage.
The naga hits you but does no damage. The naga constricts you.
The naga hits you but does no damage.
The naga warrior hits you but does no damage.
You escape the naga's grasp.
You feel very sick. The guardian serpent hits you!
* * * LOW HITPOINT WARNING * * *
The naga mage spits poison at you.
The splash of poison hits you but does no damage.
You are more poisoned.
The naga spits poison at you.
The splash of poison hits you but does no damage.
You are more poisoned.
The naga warrior roars a battlecry!
The naga goes into a battle-frenzy!
The guardian serpent coils itself and waves its upper body at you.
The bolt of poison hits you but does no damage.
You are lethally poisoned!
You block the naga's attack. The naga grabs you.
You stop ascending the stairs.
The naga constricts you.
* * * LOW HITPOINT WARNING * * *
The naga mage hits you but does no damage.
You feel better.
You block the guardian serpent's attack.
The naga hits you with a +0 scimitar!
* * * LOW HITPOINT WARNING * * *
The naga warrior hits you but does no damage.
The guardian serpent coils itself and waves its upper body at you.
The bolt of poison hits you but does no damage.
You are lethally poisoned!
The naga barely misses you. The naga constricts you.
The naga mage hits you with a +0 halberd!
You die...
Your body crumbles into a pile of gold.

. ... .#..# $ ###
##....####
....#.#.#....####
....#...........#
.......>........##
......N.N........#
......N@.........#
......NS..........
.#......$.$.......
#........$.......
#................
#................
..##..............
.. ##.............
#N...#........


You could see a naga warrior, a guardian serpent, a naga mage (strong) and 2
nagas.

Vanquished Creatures
  A golden dragon (IceCv)
  Gastronok (D:11)
  A thorn hunter (Swamp:3)
  Roxanne (Swamp:1)
  A dire elephant (D:15)
  4 eleionomae
  2 bunyips (Swamp:3)
  An ettin (Orc:1)
  Josephine (Orc:1)
  2 shambling mangroves (Swamp:4)
  A fire dragon (D:14)
  5 ice dragons (IceCv)
  29 hydras
  2 rakshasas (D:14)
  8 boulder beetles
  3 catoblepae (Lair:5)
  2 vault guards (Bailey)
  Erica (D:11)
  3 ghost crabs
  An ogre mage (D:13)
  13 alligators
  6 centaur warriors
  2 anacondas (Snake:1)
  9 death yaks
  7 two-headed ogres
  2 naga warriors
  2 tengu warriors (D:15)
  2 naga sharpshooters (Snake:1)
  3 orc high priests
  A shock serpent (Snake:1)
  A fire crab (D:14)
  4 skeletal warriors
  2 spriggan druids
  5 goliath frogs
  4 bog bodies
  A naga ritualist (Snake:1)
  7 swamp dragons
  3 lindwurms (Swamp:4)
  A deep elf archer (D:13)
  An orc knight (D:15)
  An orange crystal statue (IceCv)
  15 ugly things
  A mana viper (Snake:1)
  3 oklob plants (Lair:5)
  A necromancer (D:14)
  3 salamanders
  4 orc sorcerers
  8 manticores
  A wolf spider (D:15)
  8 cyclopes
  7 elephants
  5 will-o-the-wisps
  15 black mambas
  A moth of wrath (Swamp:4)
  3 naga magi
  2 guardian serpents (Snake:1)
  3 gargoyles
  13 cane toads
  Maggie (D:7)
  6 storm dragon simulacra (IceCv)
  3 unseen horrors
  2 rime drakes (Lair:5)
  Psyche (D:8)
  6 yaktaurs
  2 tengu conjurers
  4 freezing wraiths
  9 komodo dragons
  6 golden dragon simulacra (IceCv)
  2 hydra zombies (Swamp:2)
  5 trolls
  2 queen bees (shapeshifter) (D:14)
  12 tyrant leeches
  2 bloated husks (Swamp:1)
  A polar bear (Lair:4)
  A wind drake (shapeshifter) (D:14)
  7 hornets
  2 blink frogs (shapeshifter)
  19 blink frogs
  21 slime creatures
  Prince Ribbit (Bailey)
  A vampire (D:12)
  A centaur simulacrum (D:14)
  8 wraiths
  41 yaks
  4 spriggans
  5 basilisks
  2 wyverns
  6 humans (Bailey)
  3 redbacks (D:14)
  13 vampire mosquitoes
  Menkaure (D:7)
  A steam dragon (D:9)
  8 nagas
  17 swamp worms
  A warg (Orc:2)
  20 water moccasins
  6 acid dragons
  12 orc warriors
  2 ice beasts
  2 black bears
  A sky beast (D:7)
  A black bear (shapeshifter) (D:15)
  4 swamp drakes (Swamp:4)
  17 wolves
  6 ice dragon simulacra (IceCv)
  8 ogres
  9 centaurs
  14 bullfrogs
  A necrophage (D:8)
  4 scorpions
  2 earth elementals (D:11)
  A gnoll sergeant (D:13)
  9 wights
  9 killer bees
  3 lindwurm simulacra (IceCv)
  4 howler monkeys
  2 electric eels
  4 jellies
  A gnoll bouda (Lair:3)
  24 orc priests
  4 hounds
  4 iguanas
  Terence (D:2)
  27 orc wizards
  7 gnolls
  12 adders
  4 shadow imps
  2 white imps
  An ufetubus (D:4)
  A worm (D:2)
  4 dart slugs
  74 orcs
  6 bats
  9 endoplasms
  4 giant cockroaches
  10 goblins
  10 hobgoblins
  2 jackals (D:1)
  6 kobolds
  5 quokkas
  10 ball pythons
  2 frilled lizards (D:1)
  3 rats
  6 briar patches (Swamp:3)
847 creatures vanquished.

Vanquished Creatures (collateral kills)
  2 orc high priests (Orc:2)
  An orc warrior (Orc:2)
  A bullfrog (D:8)
  2 orc priests (Orc:2)
  2 orc wizards (Orc:2)
8 creatures vanquished.

Vanquished Creatures (others)
  A skeletal warrior (D:14)
  3 bloated husks
  An orc priest (Orc:2)
  2 orc wizards (Orc:2)
  11 foxfires
  10 fungi
  37 plants
65 creatures vanquished.

Grand Total: 920 creatures vanquished

Notes
Turn   | Place    | Note
-------+----------+-------------------------------------------
     0 | D:1      | retardedninja the Palentonga Fighter began the quest for
                  | the Orb.
     0 | D:1      | Reached XP level 1. HP: 19/19 MP: 1/1
   435 | D:1      | Reached XP level 2. HP: 24/25 MP: 2/2
   919 | D:1      | Reached XP level 3. HP: 31/31 MP: 3/3
  1088 | D:1      | Found a faded altar of an unknown god.
  1309 | D:2      | Noticed Terence
  1319 | D:2      | HP: 1/31 [Terence/+0 flail (7)]
  1320 | D:2      | Killed Terence
  1321 | D:2      | Reached XP level 4. HP: 3/37 MP: 4/4
  2053 | D:3      | Reached skill level 3 in Axes
  2659 | D:3      | Reached XP level 5. HP: 41/44 MP: 5/5
  3248 | D:4      | Found a staircase to the Ecumenical Temple.
  3257 | D:4      | Reached XP level 6. HP: 39/51 MP: 6/6
  3283 | D:4      | Reached skill level 4 in Axes
  3295 | Temple   | Entered the Ecumenical Temple
  3516 | D:4      | Found a sparkling altar of Nemelex Xobeh.
  3658 | D:4      | Found a transporter.
  3929 | D:4      | Found a transporter.
  4314 | D:5      | Entered Level 5 of the Dungeon
  4391 | D:5      | Gained mutation: You curl defensively after being hit. (AC
                  | +7*) [Palentonga growth]
  4391 | D:5      | Reached XP level 7. HP: 40/58 MP: 7/7
  4436 | D:5      | Reached skill level 5 in Axes
  4734 | D:5      | Reached skill level 5 in Fighting
  5072 | D:6      | Reached XP level 8. HP: 22/66 MP: 8/8
  5075 | D:6      | Reached skill level 6 in Axes
  5336 | D:6      | Found a snail-covered altar of Cheibriados.
  5413 | D:6      | Found a shadowy altar of Dithmenos.
  5416 | D:6      | Found a bloodstained altar of Trog.
  5419 | D:6      | Found a hazy altar of Hepliaklqana.
  5422 | D:6      | Found an opulent altar of Gozag.
  5427 | D:6      | Became a worshipper of Gozag Ym Sagoz the Greedy
  5506 | D:6      | Reached skill level 5 in Shields
  6190 | D:7      | Reached skill level 7 in Axes
  6239 | D:7      | Found a burning altar of Makhleb.
  6709 | D:7      | Noticed Menkaure
  6713 | D:7      | Killed Menkaure
  6714 | D:7      | Reached skill level 5 in Armour
  6746 | D:7      | Reached XP level 9. HP: 73/73 MP: 9/9
  6844 | D:7      | Noticed Maggie
  6847 | D:7      | Paralysed by Maggie for 5 turns
  6855 | D:7      | Killed Maggie
  7072 | D:7      | Reached skill level 8 in Axes
  8257 | D:8      | Found a blossoming altar of Fedhas.
  8346 | D:8      | Found a flagged portal.
  8364 | Bailey   | Entered a bailey
  8406 | Bailey   | Reached skill level 9 in Axes
  8421 | Bailey   | Reached XP level 10. HP: 84/84 MP: 10/10
  8614 | Bailey   | Noticed a vault guard
  8614 | Bailey   | Noticed Prince Ribbit
  8625 | Bailey   | Killed a vault guard
  8633 | Bailey   | Killed Prince Ribbit
  8675 | Bailey   | Noticed a vault guard
  8685 | Bailey   | Killed a vault guard
  8686 | Bailey   | Reached skill level 10 in Axes
  8742 | D:8      | Found a stormy altar of Qazlal.
  8757 | D:8      | Found a shimmering blue altar of Sif Muna.
  8839 | D:8      | Found an iron altar of Okawaru.
  8868 | D:8      | Noticed Psyche
  8875 | D:8      | Killed Psyche
  8922 | D:8      | Found a white marble altar of Elyvilon.
  9091 | D:8      | Identified the amulet "Cikudef" {Faith Harm}
  9378 | D:8      | Found a staircase to the Lair.
  9654 | D:9      | Found a hide-covered altar of Uskayaw.
 10004 | D:9      | Reached XP level 11. HP: 93/93 MP: 11/11
 10104 | D:9      | Found a basalt altar of Yredelemnul.
 10136 | D:10     | Entered Level 10 of the Dungeon
 10256 | D:10     | Found a broken altar of Ashenzari.
 10403 | D:10     | Reached skill level 11 in Axes
 10429 | D:10     | Noticed a two-headed ogre
 10436 | D:10     | Killed a two-headed ogre
 10909 | D:10     | Found a radiant altar of Vehumet.
 11391 | D:10     | Identified the +5 ring mail "Sateug Toudgh" {Harm Rampage
                  | Int+2}
 11620 | D:11     | Found a staircase to the Orcish Mines.
 11735 | D:11     | Found a gate leading to a gauntlet.
 11735 | D:11     | Noticed Gastronok
 11736 | D:11     | Noticed Erica
 11750 | D:11     | Killed Erica
 11751 | D:11     | Killed Gastronok
 11927 | D:11     | Reached skill level 12 in Axes
 11968 | D:11     | Found Feupewk's Antique Armour Boutique.
 11977 | D:11     | Bought a pair of distressingly furry gloves for 285 gold
                  | pieces
 11977 | D:11     | Identified the -1 pair of gloves of Ethics {-Cast rC+ Will+
                  | Dex+4} (You bought it in a shop on level 11 of the Dungeon)
 11977 | D:11     | Bought a blackened cloak for 285 gold pieces
 11977 | D:11     | Identified the +1 cloak of Pandemonium {Int+3 Stlth+} (You
                  | bought it in a shop on level 11 of the Dungeon)
 12002 | D:11     | You fall into a shaft and drop 2 floors!
 12066 | D:13     | Noticed a four-headed hydra
 12077 | D:13     | Killed a one-headed hydra
 12165 | D:13     | Noticed a centaur warrior
 12166 | D:13     | Noticed a two-headed ogre
 12207 | D:13     | Found a gate to the Vaults.
 12207 | D:13     | Noticed a two-headed ogre
 12207 | D:13     | Noticed a white ugly thing
 12208 | D:13     | Noticed a two-headed ogre
 12208 | D:13     | Noticed an ogre mage
 12212 | D:13     | Noticed a deep elf archer
 12223 | D:13     | Killed a deep elf archer
 12239 | D:13     | Killed a two-headed ogre
 12245 | D:13     | Killed an ogre mage
 12245 | D:13     | Killed a two-headed ogre
 12246 | D:13     | Reached XP level 12. HP: 69/102 MP: 12/12
 12324 | D:13     | Found a runed translucent gate.
 12324 | D:13     | Found a runed translucent gate.
 12324 | D:13     | Found a runed translucent gate.
 12380 | D:13     | Noticed an ettin
 12380 | D:13     | a tyrant leech changed into an ettin
 12393 | D:13     | Noticed an alligator
 12393 | D:13     | a goliath frog changed into an alligator
 12396 | D:13     | Noticed an ice dragon
 12396 | D:13     | an alligator changed into an ice dragon
 12418 | D:13     | Noticed a six-headed hydra
 12455 | D:12     | Noticed a boulder beetle
 12465 | D:12     | Killed a boulder beetle
 12534 | D:12     | Noticed a boulder beetle
 12927 | D:11     | Found Pevuim's Pet Rocks.
 13313 | Lair:1   | Entered Level 1 of the Lair of Beasts
 13353 | Lair:1   | Noticed a boulder beetle
 13355 | Lair:1   | Identified the +6 broad axe of Ungumavu {vamp, Dex+2
                  | Stlth+}
 13361 | Lair:1   | Reached skill level 13 in Axes
 13459 | Lair:1   | Noticed an eight-headed hydra
 13466 | Lair:1   | Killed a four-headed hydra
 13472 | Lair:1   | Reached skill level 10 in Fighting
 13608 | Lair:1   | Found a burning altar of Makhleb.
 13839 | Lair:1   | Killed a boulder beetle
 14845 | Lair:3   | Found a staircase to the Snake Pit.
 14966 | Lair:3   | Noticed a death yak
 14967 | Lair:3   | Noticed a death yak
 14970 | Lair:3   | Noticed a death yak
 14972 | Lair:3   | Noticed a death yak
 14978 | Lair:3   | Killed a death yak
 14983 | Lair:3   | Killed a death yak
 14984 | Lair:3   | Reached skill level 14 in Axes
 14985 | Lair:3   | Killed a death yak
 14997 | Lair:3   | Killed a death yak
 14998 | Lair:3   | Reached XP level 13. HP: 51/111 MP: 13/13
 15492 | Lair:3   | Found a staircase to the Swamp.
 15674 | Lair:3   | Reached skill level 10 in Shields
 16907 | Lair:4   | Reached skill level 15 in Axes
 17501 | Lair:4   | Identified a scroll of acquirement
 17502 | Lair:4   | Acquired a manual of Armour
 17529 | Lair:5   | Entered Level 5 of the Lair of Beasts
 18096 | Lair:5   | Reached skill level 10 in Armour
 18127 | Lair:5   | Reached XP level 14. HP: 121/121 MP: 14/14
 18563 | Lair:5   | Found the +7 great mace "Undeadhunter" {disrupt, rN+}
 18678 | Lair:5   | Reached skill level 16 in Axes
 18741 | Lair:5   | Found a staircase to the Slime Pits.
 18741 | Lair:5   | Found a viscous altar of Jiyva.
 19403 | Orc:1    | Entered Level 1 of the Orcish Mines
 19403 | Orc:1    | Noticed Josephine
 19410 | Orc:1    | Killed Josephine
 19411 | Orc:1    | Reached skill level 1 in Maces & Flails
 19968 | Orc:2    | Entered Level 2 of the Orcish Mines
 20017 | Orc:2    | Found a staircase to the Elven Halls.
 20022 | Orc:2    | Found a bloodstained altar of Trog.
 20278 | Orc:2    | Paralysed by an orc sorcerer for 5 turns
 20700 | Orc:2    | Found Wirphell's Jewellery Shoppe.
 20700 | Orc:2    | Found Semokuj's Weapon Emporium.
 20700 | Orc:2    | Found Ifebbar's Distillery.
 20704 | Orc:2    | Found Jizamat's Weapon Emporium.
 20767 | Orc:2    | Bought a potion of curing for 39 gold pieces
 20767 | Orc:2    | Bought a potion of flight for 39 gold pieces
 20767 | Orc:2    | Bought a potion of might for 52 gold pieces
 20767 | Orc:2    | Bought a potion of curing for 39 gold pieces
 20767 | Orc:2    | Bought a potion of heal wounds for 65 gold pieces
 20767 | Orc:2    | Bought a potion of curing for 39 gold pieces
 20767 | Orc:2    | Bought a potion of curing for 39 gold pieces
 20767 | Orc:2    | Bought a potion of haste for 130 gold pieces
 22027 | D:13     | Found a broken altar of Ashenzari.
 22184 | D:13     | Identified the +2 ring mail "Put-Me-On" {rF+ rC+ Int+3
                  | SInv}
 22288 | D:13     | Reached XP level 15. HP: 111/130 MP: 15/15
 22728 | D:14     | Reached skill level 17 in Axes
 23800 | D:14     | Reached skill level 5 in Maces & Flails
 24375 | D:14     | Got the Volume of Amorphous Malediction
 24640 | D:15     | Entered Level 15 of the Dungeon
 25089 | D:15     | Found a staircase to the Depths.
 25245 | D:15     | Got the Compilation of Quantum Ozone
 25567 | D:15     | Acquired a +1 kite shield of positive energy
 25842 | Swamp:1  | Entered Level 1 of the Swamp
 25859 | Swamp:1  | Reached skill level 18 in Axes
 26401 | Swamp:1  | Identified Roxanne's Spellbook of the Figure
 26401 | Swamp:1  | Noticed Roxanne
 26415 | Swamp:1  | Killed Roxanne
 26416 | Swamp:1  | Reached XP level 16. HP: 19/140 MP: 16/16
 26461 | Swamp:1  | Found a frozen archway.
 26569 | IceCv    | Entered an ice cave
 26824 | IceCv    | Identified the +1 leather armour "Jitayrph" {rC+}
 27730 | IceCv    | Noticed a golden dragon
 27743 | IceCv    | Killed a golden dragon
 27746 | IceCv    | Reached skill level 1 in Evocations
 28061 | IceCv    | Identified the ring "Put-Me-On" {rC+ rN+ Str+2 Int-3 Dex+2}
 28063 | IceCv    | Identified the ring "Dighus" {MP+9 Str+4}
 28811 | Swamp:2  | Identified the +2 leather armour "Uzexomics" {Int+3}
 29376 | Swamp:2  | Got Uhootwor's Directory of Reanimation Made Easy
 29547 | Swamp:3  | Noticed a thorn hunter
 30105 | Swamp:3  | Killed a thorn hunter
 30364 | Swamp:4  | Entered Level 4 of the Swamp
 31078 | Swamp:4  | Reached XP level 17. HP: 61/148 MP: 1/17
 32062 | Swamp:4  | Got a decaying rune of Zot
 32083 | Swamp:4  | Reached skill level 19 in Axes
 32529 | Snake:1  | Entered Level 1 of the Snake Pit
 32654 | Lair:3   | Reached skill level 5 in Evocations
 32967 | Lair:3   | Bought a runed plate armour for 1014 gold pieces
 32967 | Lair:3   | Bought a fine plate armour for 1092 gold pieces
 32967 | Lair:3   | Identified the +9 plate armour of Boiling Hail {Will+} (You
                  | bought it in a shop on level 3 of the Lair of Beasts)
 34265 | Snake:2  | HP: 4/149 [naga/+0 scimitar (17)]
 34265 | Snake:2  | Mangled by a naga mage

Illustrated notes

Levels and vault maps discovered:
D:1:      lemuel_arrival_room, layout_basic,
          hellmonk_ecumenical_altar_crossroads
D:2:      layout_basic, uniq_terence
D:3:      layout_basic, minivault_5, grunt_decor_cap
D:4:      gammafunk_steamed_eel, layout_loops_corners,
          mainiacjoe_overflow_tiny_flanked, minmay_temple_entry_proselytizer,
          minmay_mini_jars
D:5:      wad_pebble_path, layout_cave_pools
D:6:      layout_loops_corners, mainiacjoe_overflow_small_starburst,
          grunt_temple_overflow_cloverleaf, minmay_a_box_with_orc_wizards_in_it
D:7:      layout_basic, lightli_temple_of_fire, uniq_maggie, uniq_menkaure
D:8:      layout_cave_pools, okawaru_trees_1, grunt_qazlal_sundering,
          nicolae_elyvilon_temple_path, led_sif_book, fedhas_altar_2,
          erik_lair_dragon, enter_bailey_4, uniq_psyche
D:9:      layout_basic, mainiacjoe_overflow_cross_hatched,
          nicolae_overflow_crystal_walls
D:10:     layout_long_grid, general_overflow_altar, nicolae_vehumet_radiance
D:11:     layout_roguey, erik_orc_3, gauntlet_entry_generic, serial_shops,
          nicolae_shop_temple_entry_statues_fountains, guppyfry_shop_earth,
          uniq_erica, uniq_gastronok
D:12:     layout_loops_cross, serial_park_tiny_2, grunt_ogre_cave
D:13:     minmay_opposing_rooms, layout_irregular_city, david_vaults_2,
          ploomutoo_gammafunk_ghost_potion_laboratory, evilmike_ruin_ashenzari
D:14:     minmay_the_grid_square_5x5_4x4_mashed
          [minmay_the_grid_square_5x5_tri_point,
          minmay_the_grid_square_5x5_fancy_junction,
          minmay_the_grid_square_5x5_shrine1, minmay_the_grid_square_5x5_slash,
          minmay_the_grid_square_5x5_doubleslash,
          minmay_the_grid_square_5x5_prize_waves,
          minmay_the_grid_square_5x5_prize_deathbox,
          minmay_the_grid_square_5x5_z, minmay_the_grid_square_5x5_c,
          minmay_the_grid_square_5x5_prize_open,
          minmay_the_grid_square_5x5_prize_junk,
          minmay_the_grid_square_5x5_minivault,
          minmay_the_grid_square_5x5_six_small,
          minmay_the_grid_square_5x5_two_walls_b,
          minmay_the_grid_square_5x5_comb, minmay_the_grid_square_5x5_empty],
          layout_loops_corners, kennysheep_decorative_pillar
D:15:     hangedman_depths_entry_try_elsewhere_first, layout_basic,
          hangedman_abyss_or_decor_stabs
Temple:   nicolae_temple_bog_church
Lair:1:   dreamdust_cave_troll, layout_regular_city, basic_altar,
          grunt_megastairs_2, lemuel_fruit_tree
Lair:2:   layout_misc_corridors, serial_bayou_shore_a
Lair:3:   layout_regular_city, nicolae_swamp_entry_splash_gauntlet,
          minmay_snake_entry_six_corridors, dreamdust_gnoll_shepherd,
          grunt_megastairs_3
Lair:4:   layout_cave_pods, grunt_megastairs_5
Lair:5:   evilmike_catoblepas_cave, layout_regular_city,
          minmay_slime_entry_oklob_open, chequers_serial_rivers_micro_c
Swamp:1:  layout_basic_swamp, portal_ice_cave_entry_frozen_things,
          evilmike_swamp_ruin_rubble_1, infiniplex_staircase_pool_2,
          uniq_roxanne
Swamp:2:  layout_basic_swamp, hangedman_swamp_ruin_wall,
          nicolae_swamp_necromancy_gone_wrong
Swamp:3:  layout_basic_swamp, evilmike_swamp_ruin_house_1,
          infiniplex_staircase_pool
Swamp:4:  swamp_alternative, layout_basic_swamp, swamp_pool1,
          statue_in_the_mist_lemuel, worms_lemuel
Snake:1:  nrook_guardian_serpent_snake_passage, layout_grid_shapes
Snake:2:  layout_grid_shapes, ebering_ghost_gozag
Orc:1:    layout_diamond_mine, basic_altar, hellmonk_bongcloud_opening,
          guppyfry_library_mini, uniq_josephine
Orc:2:    st_orc_mages, layout_caves, basic_altar

Skill      XL: |  1  2  3  4  5  6  7  8  9 10 11 12 13 14 15 16 17 |
---------------+----------------------------------------------------+-----
Shields        | 3 4 5 6 7 8 9 10 11 12 13 | 13.6
Armour         | 3 4 5 6 7 8 10 11 12 14 | 14.3
Axes           | 3 4 5 7 9 10 12 14 15 16 18 19 | 19.1
Fighting       | 4 5 6 7 8 9 10 11 12 13 14 | 14.7
Maces & Flails | 3 6 |  6.4
Evocations     | 4 5 |  5.4

Action                   |  1- 3 |  4- 6 |  7- 9 | 10-12 | 13-15 | 16-18 || total
-------------------------+-------+-------+-------+-------+-------+-------++-------
Melee: War axe           |    99 |   144 |   194 |       |       |       ||   437
       Tailslap          |     6 |    14 |    25 |    50 |   125 |    72 ||   292
       Broad axe         |       |       |    79 |   398 |   846 |   458 ||  1781
Throw: Javelin           |       |       |       |     1 |       |       ||     1
Invok: Potion Petition   |       |       |       |     1 |     1 |     5 ||     7
       Call Merchant     |       |       |       |       |       |     1 ||     1
 Abil: Rolling Charge    |       |       |     1 |       |       |       ||     1
Evoke: Wand              |       |       |       |    17 |     9 |    11 ||    37
       Lightning rod     |       |       |       |       |     4 |     2 ||     6
       Phial of floods   |       |       |       |       |     1 |     1 ||     2
       Condenser vane    |       |       |       |       |       |     2 ||     2
  Use: Potion            |     1 |     2 |     4 |    10 |    19 |    13 ||    49
       Scroll            |       |    10 |    13 |    11 |    15 |     6 ||    55
 Stab: Invisible         |       |       |     1 |     2 |     1 |       ||     4
       Distracted        |       |       |       |     6 |     9 |     2 ||    17
       Sleeping          |       |       |       |       |    15 |    10 ||    25
Armor: Scale mail        |    63 |   118 |       |       |       |       ||   181
       Chain mail        |       |    25 |   249 |   316 |    46 |       ||   636
       Ring mail         |       |       |       |       |   478 |   319 ||   797
       Plate armour      |       |       |       |       |       |    59 ||    59
Dodge: Dodged            |    39 |    45 |    46 |    69 |   153 |    90 ||   442
Block: Buckler           |    19 |    19 |    59 |    80 |   194 |       ||   371
       Kite shield       |       |       |       |       |    16 |   252 ||   268
